 Dungeon Crawl Stone Soup version 0.29.0-4-gdea44cf6ec (webtiles) character file.

Game seed: 11779344376620601432

3774 Plasmagod the Cleaver (level 10, -8/70 HPs)
             Began as a Formicid Fighter on Aug 27, 2022.
             Was a High Priest of Ru.
             Mangled by a yak (11 damage)
             ... on level 8 of the Dungeon.
             The game lasted 00:17:24 (7490 turns).

Plasmagod the Cleaver (Formicid Fighter)            Turns: 7490, Time: 00:17:25

Health: -8/70      AC: 11    Str: 25    XL:     10   Next: 38%
Magic:  10/10      EV:  6    Int:  8    God:    Ru [*****.]
Gold:   484        SH:  6    Dex: 19    Spells: 9/9 levels left

rFire   . . .      SeeInvis +   p - +0 executioner's axe
rCold   . . .      Faith    .   c - +0 buckler
rNeg    . . .      Spirit   .   i - +0 plate armour
rPois   .          Reflect  .   (helmet unavailable)
rElec   .          Harm     .   (no cloak)
rCorr   .          Rampage  .   (no gloves)
Will    +....                   (no boots)
Stlth   ..........              (no amulet)
HPRegen 0.21/turn               q - +6 ring of dexterity
MPRegen 0.12/turn               (no ring)

@: unable to read
A: permanent stasis, dig shafts and tunnels, antennae 3, inability to read after
injury 2, inability to use devices, inability to train dodging, four strong arms
a: Dig, Shaft Self, Renounce Religion, Draw Out Power, Power Leap, Apocalypse


You were on level 8 of the Dungeon.
You worshipped Ru.
Ru was extremely pleased with you.
You visited 1 branch of the dungeon, and saw 8 of its levels.

You collected 485 gold pieces.
You spent 1 gold pieces at shops.

Inventory:

Hand Weapons
 a - a +0 war axe
 p - a +0 executioner's axe (weapon)
Armour
 c - a +0 buckler (worn)
 i - a +0 plate armour (worn)
Jewellery
 q - a +6 ring of dexterity (left hand)
Scrolls
 f - 4 scrolls of identify
 h - a scroll of noise
 j - a scroll of butterflies
 n - a scroll of poison
Potions
 b - a potion of invisibility {unknown}
 d - 2 potions of might
 e - 8 potions of heal wounds
 g - 4 potions of curing
 k - a potion of mutation
 r - a potion of attraction


   Skills:
 - Level 3.3 Fighting
 + Level 14.2 Axes
 - Level 3.3 Armour
 - Level 4.0 Shields


You had 9 spell levels left.
You didn't know any spells.
Your spell library contained the following spells:

 Spells                   Type           Power      Damage    Failure   Level
 Foxfire                  Conj/Fire      0%         2x1d4     100%        1
 Sandblast                Erth           0%         2d4       100%        1
 Passwall                 Tmut/Erth      0%         N/A       100%        2
 Conjure Flame            Conj/Fire      0%         6-21      100%        3
 Ignite Poison            Fire/Tmut/Pois 0%         N/A       100%        3
 Inner Flame              Hex/Fire       0%         N/A       100%        3
 Stone Arrow              Conj/Erth      0%         3d7       100%        3
 Flame Wave               Conj/Fire      0%         2d4       100%        4
 Sticky Flame             Conj/Fire      0%         2d3       100%        4
 Freezing Cloud           Conj/Ice/Air   0%         6-21      100%        5
 Simulacrum               Ice/Necr       0%         N/A       100%        6
 Polar Vortex             Ice            0%         N/A       100%        9


Dungeon Overview and Level Annotations

Branches:
Dungeon (8/15)             Temple (0/1) D:4            Lair (0/5) D:8

Altars:
Ashenzari
Gozag
Kikubaaqudgha
Ru
Uskayaw

Shops:
D:4 *   D:7 *

Annotations:
D:2 exclusion: door


Innate Abilities, Weirdness & Mutations

You cannot be hasted, slowed, berserked, paralysed or teleported.
You can dig through walls and to a lower floor.
You have a pair of large antennae on your head. (SInv)
You sometimes lose the ability to read scrolls when taking damage.
You cannot study or use magical devices.
You cannot train Dodging skill.
Your four strong arms can wield two-handed weapons with a shield.


Message History

You slash the yak! The yak gores you.
You slice the yak!!
You kill the yak!
You hit the yak. You closely miss the yak. The yak gores you!
The yak barely misses you.
Your Axes skill increases to level 14!
You slash the yak!
The yak is moderately wounded.
You slice the yak!! You slash the yak! The yak gores you!
You focus your inner power and illuminate the yak in retribution!
The yak gores you but does no damage. The yak gores you.
The yak gores you but does no damage. x2; The yak gores you!
* * * LOW HITPOINT WARNING * * *
You hit the yak.
The yak is severely wounded.
You hit the yak. You slash the yak!
The yak is stunned by your conviction and fails to attack.
The yak barely misses you. The yak gores you.
* * * LOW HITPOINT WARNING * * *
You slash the yak!
You kill the yak!
You barely miss the yak. You hit the yak.
The yak stops glowing.
The yak completely misses you.
The yak is stunned by your conviction and fails to attack.
You closely miss the yak.
The yak is severely wounded.
You hit the yak. The yak gores you!
* * * LOW HITPOINT WARNING * * *
The yak gores you but does no damage. x2; The yak gores you.
* * * LOW HITPOINT WARNING * * *
You hit the yak.
The yak is severely wounded.
You slash the yak!
You kill the yak!
The yak gores you.
* * * LOW HITPOINT WARNING * * *
You barely miss the yak.
The yak is severely wounded.
The yak gores you!
You die...

... .... ....######
.........# ......#
.........# +......#
.........# #......#
......†Y.# #......#
......†@.# #......#
.........#####......#
####..........>.....#
#................#
{#................#
+................#
#..
#................#
...#
##+######+#......#
...# #......#


You could see a yak.

Vanquished Creatures
  The ghost of paps the Thaumaturge, a novice OpDe of Gozag (D:6)
  The ghost of
  112233 the Conjurer, a novice OpCj (D:6)
  The ghost of Destructed3 the Shield-Bearer, an amateur GnFi of Wu Jian (D:6)
  The ghost of Mausisaf the Covert, a novice SpEn of Okawaru (D:6)
  A wraith (D:7)
  4 yaks (D:8)
  A sky beast (D:7)
  An orc warrior (D:7)
  A black bear (D:4)
  An ice beast (D:6)
  2 centaurs (D:7)
  2 phantoms
  A necrophage (D:6)
  A kobold brigand (D:7)
  A bullfrog (D:8)
  2 scorpions
  4 wights (D:7)
  2 howler monkeys (D:7)
  4 quasits (D:4)
  A gnoll bouda (D:4)
  2 hounds
  A jelly (D:7)
  An orc priest (D:3)
  3 iguanas
  2 orc wizards
  9 adders
  5 gnolls
  A shadow imp (D:6)
  3 white imps
  2 ufetubi
  5 worms
  A dart slug (D:3)
  9 orcs
  8 bats
  6 endoplasms
  A giant cockroach (D:1)
  6 goblins
  12 hobgoblins
  10 jackals
  A quokka (D:5)
  9 ball pythons
  3 frilled lizards (D:1)
  12 kobolds
  4 rats
149 creatures vanquished.

Vanquished Creatures (others)
  An orc (D:7)
  A demonic plant (D:4)
2 creatures vanquished.

Grand Total: 151 creatures vanquished

Notes
Turn   | Place    | Note
-------+----------+-------------------------------------------
     0 | D:1      | Plasmagod the Formicid Fighter began the quest for the Orb.
     0 | D:1      | Reached XP level 1. HP: 18/18 MP: 1/1
    75 | D:1      | Found a faded altar of an unknown god.
    93 | D:1      | Prayed at the altar of an unknown god.
    93 | D:1      | Became a worshipper of Ru the Awakened
   108 | D:1      | Gained mutation: You cannot train Dodging skill. [Ru
                  | sacrifice]
   108 | D:1      | Reached * piety under Ru
   136 | D:1      | Reached XP level 2. HP: 24/24 MP: 2/2
   295 | D:1      | Reached skill level 3 in Axes
   346 | D:1      | Reached XP level 3. HP: 28/29 MP: 3/3
  1218 | D:2      | Reached XP level 4. HP: 33/35 MP: 4/4
  1221 | D:2      | Reached skill level 4 in Axes
  1638 | D:3      | Reached XP level 5. HP: 32/41 MP: 5/5
  1645 | D:3      | Reached skill level 5 in Axes
  2089 | D:3      | Found a broken altar of Ashenzari.
  2116 | D:3      | Reached XP level 6. HP: 47/47 MP: 6/6
  2632 | D:4      | Gained mutation: You occasionally lose the ability to read
                  | scrolls when taking damage. [Ru sacrifice]
  2632 | D:4      | Gained mutation: You sometimes lose the ability to read
                  | scrolls when taking damage. [Ru sacrifice]
  2632 | D:4      | Reached ** piety under Ru
  2662 | D:4      | Noticed a black bear
  2668 | D:4      | Killed a black bear
  2669 | D:4      | Reached skill level 6 in Axes
  2918 | D:4      | Reached skill level 7 in Axes
  2918 | D:4      | Reached XP level 7. HP: 33/52 MP: 7/7
  3370 | D:4      | Found Vef Niri's Lightly-Used Armoury.
  3376 | D:4      | Bought a -2 executioner's axe for 1 gold piece
  3490 | D:4      | Found a staircase to the Ecumenical Temple.
  3547 | D:4      | You fall into a shaft and drop 2 floors!
  3552 | D:5      | Entered Level 5 of the Dungeon
  3807 | D:5      | Reached skill level 8 in Axes
  4361 | D:5      | Reached XP level 8. HP: 58/58 MP: 8/8
  5147 | D:6      | Found a runed translucent gate.
  5147 | D:6      | Found a runed translucent gate.
  5147 | D:6      | Found a runed translucent gate.
  5148 | D:6      | Noticed 112233's ghost (novice OpCj)
  5148 | D:6      | Noticed paps's ghost (novice OpDe)
  5149 | D:6      | Noticed Destructed3's ghost (amateur GnFi)
  5149 | D:6      | Noticed Mausisaf's ghost (novice SpEn)
  5222 | D:6      | Reached skill level 9 in Axes
  5722 | D:6      | Found an opulent altar of Gozag.
  5722 | D:6      | Found a hide-covered altar of Uskayaw.
  5729 | D:6      | Found a faded altar of an unknown god.
  5731 | D:6      | Found an ancient bone altar of Kikubaaqudgha.
  5733 | D:6      | Found a faded altar of an unknown god.
  5894 | D:6      | Gained mutation: You cannot study or use magical devices.
                  | [Ru sacrifice]
  5894 | D:6      | Reached *** piety under Ru
  5894 | D:6      | Reached **** piety under Ru
  5894 | D:6      | Reached ***** piety under Ru
  5985 | D:6      | Killed 112233's ghost
  5985 | D:6      | Killed paps's ghost
  5985 | D:6      | Killed Mausisaf's ghost
  5986 | D:6      | Reached skill level 11 in Axes
  5986 | D:6      | Reached XP level 9. HP: 54/64 MP: 0/9
  5986 | D:6      | Killed Destructed3's ghost
  5987 | D:6      | Reached skill level 12 in Axes
  6684 | D:7      | Found Ubegh's Gadget Gallery.
  6758 | D:7      | Reached skill level 13 in Axes
  6758 | D:7      | Reached XP level 10. HP: 65/70 MP: 10/10
  7463 | D:8      | Found a staircase to the Lair.
  7485 | D:8      | Reached skill level 14 in Axes
  7489 | D:8      | HP: 3/70 [yak (1)]
  7490 | D:8      | Mangled by a yak

Illustrated notes

Levels and vault maps discovered:
D:1:      dpeg_arrival_lava_altar, layout_loops_corners,
          ebering_ecumenical_altar_webs, serial_forest,
          infiniplex_forest_side_room, infiniplex_forest_zigzag_1,
          infiniplex_forest_straight_2, infiniplex_forest_end_2,
          infiniplex_forest_lined_corner, infiniplex_forest_lined_3_way,
          infiniplex_forest_lined_corner, minmay_bisected
D:2:      cheibrodos_greedy_goblins, layout_rooms, kennysheep_generic_room_13
D:3:      layout_basic, nicolae_ashenzari_panopticon, nrook_loot_triangle
D:4:      layout_loops_cross, minmay_temple_entry_statues_pillars,
          serial_demonic, serial_demonic_g, serial_demonic_d, serial_demonic_c,
          serial_demonic_b, minmay_shop_damaged, nicolae_kite_square_tiling_tiny
D:5:      nicolae_cairo_tiling, layout_basic
D:6:      layout_cave_pods, chequers_temple_overflow_minitemple,
          gammafunk_ghost_cemetery
D:7:      layout_rooms, minmay_misc_feat_diagonals, chequers_garden,
          solitary_fountain, nicolae_shop_gadgets
D:8:      layout_gridville, lair_entry_dummy, uniq_grum

Skill      XL: |  1  2  3  4  5  6  7  8  9 10 |
---------------+-------------------------------+-----
Axes           | 3 4 5 7 8 11 13 14 | 14.2
Fighting       | |  3.3
Armour         | |  3.3
Shields        | |  4.0

Action                   |  1- 3 |  4- 6 |  7- 9 | 10-12 || total
-------------------------+-------+-------+-------+-------++-------
Melee: War axe           |    96 |   161 |    45 |       ||   302
       Executioner's axe |       |       |   121 |    46 ||   167
Invok: Sacrifice Nimblen |     1 |       |       |       ||     1
       Sacrifice Words   |       |     1 |       |       ||     1
       Apocalypse        |       |       |     1 |       ||     1
       Sacrifice Artific |       |       |     1 |       ||     1
       Power Leap        |       |       |     1 |       ||     1
  Use: Scroll            |       |       |    13 |       ||    13
 Stab: Distracted        |       |     1 |       |       ||     1
       Invisible         |       |       |     3 |     1 ||     4
Armor: Scale mail        |    55 |    24 |       |       ||    79
       Chain mail        |       |    70 |    97 |    10 ||   177
       Plate armour      |       |       |       |     9 ||     9
Dodge: Dodged            |    47 |    60 |    60 |    15 ||   182
Block: Buckler           |    26 |    41 |    39 |     9 ||   115
